AoeStats
← AndyThePro

Arabia

508224220Analyzed
1v1 RM · 10d ago on Sep 21, 2026· 39m 14s· 2 players
Game mode
Random Map
Map size
Tiny (2 player)
Population
200
Speed
Normal
Resources
Standard
Victory
Conquest
Starting age
Dark Age
Ending age
Imperial Age
RankedLock teamsTeams togetherTeam positionsShared explorationLock speedFull tech treeHidden civsTurbo modeCheats
Victory
Defeat
🇩🇪 Armenians · Germany
1796
+16
🇹🇷 Khmer · Türkiye
1795
-16
beadir
7:38 Feudal Age
8:09 Double-Bit Axe
9:14 Loom
13:31 Fletching
21:32 Castle Age
20:01 Gold Mining
19:53 Horse Collar
21:08 Scale Barding Armor
21:22 Bloodlines
23:50 Husbandry
26:16 Bow Saw
30:37 Ballistics
32:23 Town Watch
33:16 Wheelbarrow
37:58 Imperial Age
AndyThePro
5:57 Loom
8:24 Feudal Age
9:08 Double-Bit Axe
10:48 Horse Collar
16:17 Fletching
16:42 Padded Archer Armor
21:44 Castle Age
20:23 Padded Archer Armor
20:31 Gold Mining
22:53 Bow Saw
22:55 Bloodlines
23:30 Wheelbarrow
23:01 Bodkin Arrow
25:45 Husbandry
27:33 Ballistics
33:26 Imperial Age
31:26 Light Cavalry
32:12 Scale Barding Armor
32:43 Forging
33:12 Stone Mining
34:23 Chain Barding Armor
34:38 Bracer
35:42 Chemistry
35:51 Chain Barding Armor
37:10 Iron Casting
38:25 Heavy Plow
Connection lost

Rejoining the realm…

Still unreachable

The connection could not be restored.

Session expired

The server has moved on; the page needs a fresh start.